 Dungeon Crawl Stone Soup version 0.29-a0-541-gaf1fc19f1b (webtiles) character file.

Game seed: 15493685556532138284

405 happo123 the Sneak (level 7, -1/40 HPs)
             Began as a Kobold Enchanter on June 2, 2022.
             Slain by an orc
             ... wielding a +0 short sword
              (6 damage)
             ... on level 4 of the Dungeon.
             The game lasted 00:13:54 (4055 turns).

happo123 the Sneak (Kobold Enchanter)               Turns: 4055, Time: 00:13:54

Health: -1/40      AC:  3    Str: 12    XL:     7   Next: 12%
Magic:  7/11       EV: 16    Int: 18    God:
Gold:   119        SH:  0    Dex: 21    Spells: 4/12 levels left

rFire   . . .      SeeInvis .   r - +0 short sword (freeze)
rCold   . . .      Faith    .   (no shield)
rNeg    . . .      Spirit   .   q - +1 robe "Xeymnud" {Drain Str+6 Slay+2}
rPois   .          Reflect  .   (no helmet)
rElec   .          Harm     .   (no cloak)
rCorr   .          Rampage  .   (no gloves)
Will    .....                   (no boots)
Stlth   ++++......              w - amulet of magic regeneration
HPRegen 0.13/turn               f - +6 ring of dexterity
MPRegen 0.52/turn               h - ring of wizardry

@: confusing by touch
A: small, no large weapons, nightstalker 3
a: no special abilities


You were on level 4 of the Dungeon.
You visited 1 branch of the dungeon, and saw 4 of its levels.

You collected 119 gold pieces.

Inventory:

Hand Weapons
 a - a +1 dagger
 r - a +0 short sword of freezing (weapon)
 y - a +2 antimagic short sword
Armour
 b - a +0 robe
 q - the +1 robe "Xeymnud" (worn) {Drain Str+6 Slay+2}
   (You found it on level 2 of the Dungeon)

   Str:       It affects your strength (+6).
   Slay:      It affects your accuracy & damage with ranged weapons and melee
   (+2).
   Drain:     It drains your maximum health when unequipped.
Magical Staves
 t - a staff of air
Jewellery
 f - a +6 ring of dexterity (left hand)
 h - a ring of wizardry (right hand)
 w - an amulet of magic regeneration (around neck)
Wands
 p - a wand of iceblast (3)
Scrolls
 e - 2 scrolls of enchant armour {unknown}
 g - a scroll of fog {unknown}
 j - 3 scrolls of immolation {unknown}
 n - 3 scrolls of identify {unknown}
 o - a scroll of noise {unknown}
 s - a scroll of blinking {unknown}
 v - a scroll of teleportation {unknown}
 x - a scroll of vulnerability {unknown}
 C - a scroll of summoning {unknown}
Potions
 c - 3 potions of invisibility
 d - 2 potions of heal wounds {unknown}
 i - a potion of resistance {unknown}
 k - 3 potions of curing
 l - 2 potions of cancellation {unknown}
 m - a potion of brilliance {unknown}
 u - a potion of attraction {unknown}
 z - a potion of degeneration {unknown}
 A - a potion of flight {unknown}
 B - a potion of lignification {unknown}


   Skills:
 + Level 2.4 Fighting
 + Level 3.4 Short Blades
 + Level 3.7 Dodging
 + Level 5.4 Stealth
 + Level 3.2 Spellcasting
 * Level 4.8 Hexes


You had 4 spell levels left.
You knew the following spells:

 Your Spells              Type           Power      Damage    Failure   Level
a - Ensorcelled Hibernat  Hex/Ice        22%        N/A       3%          2
b - Confusing Touch       Hex            20%        N/A       2%          3
c - Tukima's Dance        Hex            20%        N/A       2%          3

Your spell library contained the following spells:

 Spells                   Type           Power      Damage    Failure   Level
 Dazzling Flash           Conj/Hex       22%        N/A       8%          3
 Sublimation of Blood     Necr           2%         N/A       10%         2
 Petrify                  Tmut/Erth      2%         N/A       52%         4
 Irradiate                Conj/Tmut      1%         3d13      85%         5


Dungeon Overview and Level Annotations

Branches:
Dungeon (4/15)
 Temple: D:4-7

Altars:


Innate Abilities, Weirdness & Mutations

You are small and have problems with some larger weapons.
You are completely attuned to the shadows.


Message History

You puncture the scorpion! You freeze the scorpion!
You kill the scorpion!
You have reached level 7!
You start resting.
Magic restored. 2 orcs come into view.
The orc shouts!
The orc priest shouts!
The orc shouts!
The orc priest calls down the wrath of Beogh upon you.
Beogh smites you!
The orc priest casts a cantrip, but nothing happens.
You hear a shout!
You see here a scorpion corpse.
There is an open door here.
Aiming: Ensorcelled Hibernation (safe; 3% risk of failure)
Press: ? - help, Q - select action, (/) - cycle Shift-Dir - straight line, f - orc
Aim: an orc, wielding a +0 short sword and wearing a +0 leather armour (chance to affect: 62%)
The orc looks drowsy...
The orc priest calls down the wrath of Beogh upon you.
Beogh smites you!
* * * LOW HITPOINT WARNING * * *
The helpless orc fails to defend itself.
You impale the orc!! You freeze the orc.
You kill the orc!
The orc priest miscasts a cantrip.
Aiming: Ensorcelled Hibernation (safe; 3% risk of failure)
Press: ? - help, Q - select action, (/) - cycle Shift-Dir - straight line, f - orc
Aim: an orc, wielding a +0 hand axe (chance to affect: 62%)
The orc looks drowsy...
The helpless orc fails to defend itself.
You impale the orc!! You freeze the orc.
You kill the orc!
The orc priest looks satisfied for a moment.
Casting: Ensorcelled Hibernation (safe; 3% risk of failure)
Confirm with . or Enter, or press ? or * to list all spells.
Your hands begin to glow red.
The orc priest invokes the aid of Beogh against you.
Beogh smites you!
* * * LOW HITPOINT WARNING * * *
The orc hits you with a +0 short sword.
You die...

..≈.............#
≈≈≈≈≈...........#
................#
................#......
................#.......
#########......###......#
..##..# #......###......#
..#...# ........#.......#
..'...# ........@o......#
..#...# .......#o......#
..#...# #######+###...#
###'#### ..o# #......#
o..# #......# ...#
#......# #...##.#
#...##.####


You could see an orc priest and an orc.

Vanquished Creatures
  An ogre (D:4)
  A scorpion (D:4)
  Natasha (thrice) (D:2)
  2 iguanas (D:4)
  6 adders
  A worm (D:2)
  2 dart slugs
  2 orcs (D:4)
  4 bats
  9 endoplasms
  2 giant cockroaches (D:1)
  7 goblins
  3 hobgoblins
  10 jackals
  8 kobolds
  2 quokkas
  6 ball pythons
  6 rats
75 creatures vanquished.

Notes
Turn   | Place    | Note
-------+----------+-------------------------------------------
     0 | D:1      | happo123 the Kobold Enchanter began the quest for the Orb.
     0 | D:1      | Reached XP level 1. HP: 10/10 MP: 3/3
   195 | D:1      | Reached XP level 2. HP: 2/16 MP: 5/5
   201 | D:1      | Learned a level 2 spell: Ensorcelled Hibernation
   885 | D:1      | Reached XP level 3. HP: 20/20 MP: 6/6
   889 | D:1      | Learned a level 3 spell: Confusing Touch
  1283 | D:1      | Found a faded altar of an unknown god.
  1295 | D:1      | Reached skill level 1 in Fighting
  1614 | D:2      | Reached XP level 4. HP: 25/25 MP: 4/7
  1984 | D:2      | Learned a level 3 spell: Tukima's Dance
  2054 | D:2      | Identified the +1 robe "Xeymnud" {Drain Str+6 Slay+2}
  2345 | D:2      | Reached XP level 5. HP: 24/24 MP: 8/8
  2455 | D:2      | Noticed Natasha
  2459 | D:2      | Killed Natasha
  2536 | D:2      | Noticed Natasha
  2557 | D:2      | Killed Natasha
  2756 | D:2      | Noticed Natasha
  2777 | D:2      | Killed Natasha
  2902 | D:3      | Reached XP level 6. HP: 35/35 MP: 10/10
  3003 | D:3      | Reached skill level 5 in Stealth
  3998 | D:4      | Noticed an ogre
  4002 | D:4      | Killed an ogre
  4036 | D:4      | Reached XP level 7. HP: 40/40 MP: 9/11
  4055 | D:4      | Slain by an orc

Illustrated notes

Levels and vault maps discovered:
D:1:      minmay_arrival_shattered_statue, layout_loops_ring,
          hellmonk_ecumenical_altar_arch_garden, roderic_filled_cross
D:2:      layout_rooms, minivault_5, uniq_natasha
D:3:      layout_basic, minmay_strange_pillars
D:4:      layout_gridville, serial_rivers, chequers_serial_rivers_micro_c,
          chequers_serial_rivers_marsh, chequers_serial_rivers_micro_e,
          chequers_serial_rivers_room_b

Skill      XL: |  1  2  3  4  5  6 |
---------------+-------------------+-----
Fighting       | 1 2 |  2.4
Short Blades   | 2 3 |  3.4
Dodging        | 3 |  3.7
Hexes          | 4 |  4.8
Stealth        | 5 |  5.4
Spellcasting   | 3 |  3.2

Action                   |  1- 3 |  4- 6 |  7- 9 || total
-------------------------+-------+-------+-------++-------
Melee: Dagger            |    74 |    26 |       ||   100
       Short sword       |       |    63 |     2 ||    65
 Cast: Ensorcelled Hiber |    11 |    19 |     2 ||    32
       Confusing Touch   |       |     2 |     1 ||     3
 Stab: Sleeping          |    15 |    27 |     2 ||    44
       Distracted        |     2 |       |       ||     2
       Confused          |       |     1 |       ||     1
Armor: Robe              |     8 |     5 |       ||    13
Dodge: Dodged            |    62 |    53 |       ||   115

Table legend: (Time is in decaauts)
 A = Elapsed time spent in this place.
 B = Non-inter-level travel time spent in this place.
 C = Inter-level travel time spent in this place.
 D = Time resting spent in this place.
 E = Time spent auto-exploring this place.
 F = Levels seen in this place.
 G = Mean time per level.
                   A        B        C        D        E       F      G
               +--------+--------+--------+--------+--------+-----+--------+
         Total |   4047 |   3782 |    265 |    282 |   2930 |   4 | 1011.8 |
       Dungeon |   4047 |   3782 |    265 |    282 |   2930 |   4 | 1011.8 |
               +--------+--------+--------+--------+--------+-----+--------+

Top non-repeatable levels by time:
     D:1: 1584 daAuts
     D:2: 1219 daAuts
     D:3: 826 daAuts
     D:4: 416 daAuts
